 Dungeon Crawl Stone Soup version 0.20-a0-1006-ge6c5631 (webtiles) character file.

88 FastMan the Shield-Bearer (level 4, -17/37 HPs)
             Began as a Formicid Fighter on Apr 14, 2017.
             Killed from afar by Treemains's ghost (20 damage)
             ... with a spray of energy
             ... on level 4 of the Dungeon.
             The game lasted 00:01:19 (1418 turns).

FastMan the Shield-Bearer (Formicid Fighter)        Turns: 1418, Time: 00:01:19

Health: -17/37     AC: 11    Str: 25    XL:     4   Next: 82%
Magic:  4/4        EV:  5    Int:  8    God:
Gold:   109        SH: 10    Dex: 11    Spells: 3/3 levels left

rFire    . . .     SeeInvis +   a - +0 war axe
rCold    . . .     Gourm    .   c - +0 shield
rNeg     . . .     Faith    .   k - +0 plate armour
rPois    .         Spirit   .   (helmet unavailable)
rElec    .         Reflect  .   (no cloak)
rCorr    .         Harm     .   (no gloves)
MR       .....                  (no boots)
Stlth    ..........             (no amulet)
Regen    0.2/turn               (no ring)
MPRegen  0.1/turn               (no ring)

@: mighty
A: permanent stasis, dig shafts and tunnels, four strong arms, antennae 3
a: Dig, Shaft Self


You were on level 4 of the Dungeon.
You were very hungry.

You visited 1 branch of the dungeon, and saw 3 of its levels.

You collected 109 gold pieces.

Inventory:

Hand Weapons
 a - a +0 war axe (weapon)
Armour
 b - a +0 scale mail
 c - a +0 shield (worn)
 j - a +0 chain mail
 k - a +0 plate armour (worn)
Scrolls
 i - a scroll of teleportation {unknown}
 l - a scroll of recharging {unknown}
Potions
 e - a potion of heal wounds {unknown}
 h - a potion of berserk rage {unknown}
Comestibles
 f - a bread ration {@e1}


   Skills:
 + Level 4.0 Fighting
 * Level 3.1 Axes
 + Level 4.1 Armour
 + Level 4.1 Shields


You had 3 spell levels left.
You didn't know any spells.

Dungeon Overview and Level Annotations

Branches:
Dungeon (2/15)

Altars:
Trog

Annotations:
D:4 Treemains's ghost, novice DECj


Innate Abilities, Weirdness & Mutations

You cannot be hasted, slowed, berserked, paralysed or teleported.
You can dig through walls and to a lower floor.
Your four strong arms can wield two-handed weapons with a shield.
You have a pair of large antennae on your head. (SInv)


Message History

The orc throws a tomahawk.
The tomahawk hits you but does no damage.
Unknown command.
You block Treemains's ghost's attack. The orc barely misses you.
Items here: )) [[ a hand axe; a ring mail; a dagger; a leather armour You slash the orc!
You kill the orc!
You closely miss Treemains's ghost.
Treemains's ghost hits you but does no damage. x2
Treemains's ghost hits you.
* * * LOW HITPOINT WARNING * * *
Items here: ( ) [ † a war axe; a tomahawk; a leather armour; an orc corpse Unknown command.
You miss Treemains's ghost.
Treemains's ghost gestures at you while chanting.
The spray of energy hits you!
Ouch! That really hurt!
You die...

## ### #### .. #..
..# #. #.# #.#
####..#W####.######
#......@)(..((....#
#.#.....####.####.#
........# #.# #.#
#####.#.# #.# #.#
#.#.. ..# #.# #.###
######.# # ##...##
#.##..# #.#.#.#


You could see Treemains's ghost.

Vanquished Creatures
  2 adders (D:2)
  3 oozes (D:2)
  3 dart slugs
  A leopard gecko (D:2)
  2 orcs (D:4)
  2 giant cockroaches (D:1)
  4 goblins
  3 hobgoblins (D:1)
  6 jackals (D:2)
  2 ball pythons
  3 bats
  3 frilled lizards
  11 kobolds
  3 rats
48 creatures vanquished.

Vanquished Creatures (others)
  An orc (D:4)
  2 fungi (D:2)
  8 toadstools (D:2)
11 creatures vanquished.

Grand Total: 59 creatures vanquished

Notes
Turn   | Place    | Note
-------+----------+-------------------------------------------
     0 | D:1      | FastMan the Formicid Fighter began the quest for the Orb.
     0 | D:1      | Reached XP level 1. HP: 18/18 MP: 1/1
   279 | D:1      | Reached XP level 2. HP: 22/24 MP: 2/2
   399 | D:1      | Reached XP level 3. HP: 25/29 MP: 3/3
   840 | D:2      | Found a bloodstained altar of Trog.
  1005 | D:2      | Reached XP level 4. HP: 36/37 MP: 4/4
  1392 | D:2      | You fall through a shaft for 2 floors!
  1411 | D:4      | Noticed Treemains's ghost (novice DECj)
  1418 | D:4      | Killed from afar by Treemains's ghost

Vault maps used:
D:1:      nicolae_arrival_somewhat_less_tricky_arrival
D:2:      cheibrodos_fertilizer, lemuel_coloured_pillars_altar
D:4:      grunt_temple_overflow_growth_and_decay, first_bread, grunt_tough_drop

Skill      XL: |  1  2  3  4 |
---------------+-------------+-----
Axes           | 3 |  3.1
Armour         | 4 |  4.1
Shields        | 4 |  4.1
Fighting       | 4 |  4.0

Action                   |  1- 3 |  4- 6 || total
-------------------------+-------+-------++-------
Melee: War axe           |    80 |    60 ||   140
 Abil: Shaft Self        |       |     1 ||     1
  Use: Potion            |       |     1 ||     1
  Eat: Chunk             |       |     1 ||     1
Armor: Scale mail        |    13 |       ||    13
       Chain mail        |    17 |       ||    17
       Plate armour      |    13 |    61 ||    74
Dodge: Dodged            |    16 |    16 ||    32
Block: Shield            |    37 |    49 ||    86
